 Dungeon Crawl Stone Soup version 0.27.1-33-g824d729ab1 (webtiles) character file.

Game seed: 12757607317818966919

56455 barney the Grappler (level 14, -3/219 HPs)
             Began as a Grey Draconian Transmuter on Dec 18, 2021.
             Was a High Priest of Vehumet.
             Slain by Rupert (17 damage)
             ... on level 5 of the Lair of Beasts on Dec 19, 2021.
             The game lasted 00:44:42 (31735 turns).

barney the Grappler (Grey Draconian Transmuter)    Turns: 31735, Time: 00:44:43

Health: -3/219     AC: 10    Str: 19    XL:     14   Next: 42%
Magic:  13/22      EV: 10    Int: 27    God:    Vehumet [*****.]
Gold:   1271       SH:  5    Dex: 12    Spells: 4/23 levels left

rFire    x . .     SeeInvis .     - Unarmed
rCold    + + +     Faith    .   (shield currently unavailable)
rNeg     + . .     Spirit   .   (armour unavailable)
rPois    +         Reflect  +   (helmet currently unavailable)
rElec    .         Harm     .   (cloak currently unavailable)
rCorr    .         Rampage  .   (gloves currently unavailable)
Will     +....                  (boots currently unavailable)
Stlth    ..........             n - amulet of reflection
HPRegen  0.46/turn              j - ring of Finality {Wiz Drain rN+ Int+9}
MPRegen  0.18/turn              C - +6 ring of strength

@: berserking, ice-form, very quick
A: freezing attack, boosted hp, AC +13, amphibious, large, unfitting armour,
(cold-blooded), (horns 1)
a: End Transformation, Renounce Religion


You were on level 5 of the Lair of Beasts.
You worshipped Vehumet.
Vehumet was extremely pleased with you.
You were a creature of crystalline ice.
You visited 3 branches of the dungeon, and saw 21 of its levels.
You also visited: Volcano.

You collected 1511 gold pieces.
You spent 240 gold pieces at shops.

Inventory:

Hand Weapons
 e - a +2 whip of draining
 u - the +8 mace of Buuts (melded) {freeze, rF+}
   (You bought it in a shop on level 6 of the Dungeon)

   It freezes those it strikes, dealing additional cold damage.
   It can also slow down cold-blooded creatures.
   rF:        It protects you from fire.
 v - a +2 dagger of venom
 x - the +6 flail of the Spider Nest {flame, Fragile rC++ SInv}
   (You found it on level 7 of the Dungeon)

   It burns those it strikes, dealing additional fire damage.
   rC:        It greatly protects you from cold.
   SInv:      It lets you see invisible.
   Fragile:   It will be destroyed if unequipped.
 y - the +7 spear of Vaenoemn {venom, rC+}
   (You found it on level 7 of the Dungeon)

   It poisons the flesh of those it strikes.
   rC:        It protects you from cold.
Missiles
 O - a throwing net
Armour
 d - a +0 pair of boots (melded)
 A - a +2 cloak of preservation (melded)
 Q - a +1 hat (melded)
Magical Staves
 B - a staff of cold
Jewellery
 f - an amulet of magic regeneration
 i - a +4 ring of slaying
 j - the ring of Finality (left front paw) {Wiz Drain rN+ Int+9}
   (You acquired it on level 13 of the Dungeon)

   [ring of wizardry]

   It improves your spell success rate.
   Int:       It affects your intelligence (+9).
   rN:        It protects you from negative energy.
   Drain:     It drains your maximum health when unequipped.
 n - an amulet of reflection (around neck)
 o - an amulet of the acrobat
 t - a ring of positive energy
 C - a +6 ring of strength (right front paw)
 J - a ring of magical power
 N - a ring of flight
 R - a +6 ring of dexterity
 U - a ring of positive energy
Wands
 m - a wand of iceblast (54)
 q - a wand of digging (3)
 D - a wand of paralysis (9)
 S - a wand of flame (16)
 T - a wand of mindburst (13)
Scrolls
 b - 16 scrolls of identify
 c - 4 scrolls of fog
 g - 6 scrolls of enchant weapon
 h - 5 scrolls of teleportation
 l - a scroll of torment
 r - a scroll of noise
 s - 3 scrolls of enchant armour
 E - 3 scrolls of amnesia
 F - a scroll of holy word
 W - a scroll of summoning
Potions
 a - a potion of resistance
 k - a potion of lignification
 p - 2 potions of degeneration
 w - 6 potions of curing
 z - 5 potions of haste
 I - 4 potions of ambrosia
 K - 4 potions of attraction
 L - 2 potions of might
 P - a potion of magic
 V - a potion of cancellation
Miscellaneous
 G - a phantom mirror
 H - a phantom mirror


   Skills:
 - Level 10.5 Fighting
 - Level 1.7 Dodging
 * Level 14.6 Unarmed Combat
 - Level 5.4 Spellcasting
 - Level 8.0 Conjurations
 - Level 10.3 Transmutations
 - Level 5.0 Fire Magic
 - Level 3.0 Ice Magic
 - Level 1.7 Air Magic
 + Level 10.4 Earth Magic
 - Level 4.2 Poison Magic
 - Level 4.0 Evocations


You had 4 spell levels left.
You knew the following spells:

 Your Spells              Type           Power      Damage    Failure   Level
a - Beastly Appendage     Tmut           100%       N/A       1%          1
b - Spider Form           Tmut/Pois      23%        N/A       1%          3
c - Wereblood             Tmut           59%        N/A       1%          2
d - Ice Form              Ice/Tmut       43%        N/A       1%          4
e - Mephitic Cloud        Conj/Pois/Air  32%        N/A       1%          3
f - Ignite Poison         Fire/Tmut/Pois 42%        N/A       1%          3
g - Stone Arrow           Conj/Erth      100%       3d13      1%          3

Your spell library contained the following spells:

 Spells                   Type           Power      Damage    Failure   Level
 Olgreb's Toxic Radiance  Pois           30%        N/A       1%          4
 Static Discharge         Conj/Air       33%        N/A       1%          2
 Conjure Flame            Conj/Fire      42%        6-21      1%          3
 Sticky Flame             Conj/Fire      42%        2d6       1%          4
 Animate Skeleton         Necr           14%        N/A       2%          1
 Pain                     Necr           28%        1d5       2%          1
 Leda's Liquefaction      Hex/Erth       17%        N/A       3%          4
 Call Canine Familiar     Summ           7%         N/A       9%          3
 Portal Projectile        Hex/Tloc       14%        N/A       9%          3
 Tukima's Dance           Hex            7%         N/A       9%          3
 Vampiric Draining        Necr           3%         2d6       9%          3
 Dispel Undead            Necr           7%         3d8       26%         4
 Passage of Golubria      Tloc           N/A        N/A       26%         4
 Bolt of Magma            Conj/Fire/Erth 24%        4d12      1%          5
 Yara's Violent Unravell  Hex/Tmut       17%        3d8       2%          5
 Shatter                  Erth           29%        3d24*     99%         9


Dungeon Overview and Level Annotations

Branches:
Dungeon (14/15)            Temple (1/1) D:5            Lair (6/6) D:11
 Shoals (0/4) Lair:2       Spider (0/4) Lair:4          Orc (0/2) D:10
 Vaults (0/5) D:14        Volcano (visited)
  Slime: Lair:5-6

Altars:
Ashenzari
Cheibriados
Dithmenos
Elyvilon
Fedhas
Gozag
Hepliaklqana
Kikubaaqudgha
Makhleb
Nemelex Xobeh
Okawaru
Qazlal
Ru
Sif Muna
Trog
Uskayaw
Vehumet
Wu Jian
Xom
Yredelemnul
Zin
The Shining One
Jiyva
Lugonu

Shops:
D:1 *   D:4 *   D:6 (

Annotations:
D:5 2 transporters
Lair:1 3 runed translucent doors, rvierbuc's ghost, novice MiBe
Lair:5 Rupert
Lair:6 exclusion: oklob plant


Innate Abilities, Weirdness & Mutations

You are a creature of crystalline ice.
You have a powerful freezing melee attack.
Your maximum health is increased.
Your armour is entirely melded.
You are incapable of wielding weapons or throwing items.
((Your dull iron-grey scales are very hard. (AC +13)))
You are amphibious.
You cannot fit into any form of body armour.
((You are cold-blooded and may be slowed by cold attacks.))
((You have a pair of small horns on your head.))


Message History

Rupert is engulfed in blazing flames.
Unknown command.
Casting: Ignite Poison (safe; 1% risk of failure)
Confirm with . or Enter, or press ? or * to list all spells.
You turn into a creature of crystalline ice.
The +8 mace of Buuts {freeze, rF+} melds into your body.
Your +2 cloak of preservation melds into your body.
Your +1 hat melds into your body.
Your +0 pair of boots melds into your body.
The +8 mace of Buuts {freeze, rF+} stops glowing.
Rupert is engulfed in blazing flames.
Rupert rages.
Rupert hits you with a +1 triple sword of protection!!
You hit Rupert but do no damage.
Rupert is lightly wounded.
Rupert barely misses you.
Unknown command.
You hit Rupert but do no damage.
Rupert is lightly wounded.
Rupert seems less confused.
Rupert hits you with a +1 triple sword of protection!!
* * * LOW HITPOINT WARNING * * *
Unknown command.
A red film seems to cover your vision as you go berserk!
You feel yourself moving faster!
You feel mighty! You block Rupert's attack.
Rupert hits you with a +1 triple sword of protection!!
* * * LOW HITPOINT WARNING * * *
You pummel Rupert!! You freeze Rupert!
Rupert is lightly wounded.
Rupert barely misses you.
You barely miss Rupert.
Rupert is lightly wounded.
You pummel Rupert like a punching bag!!!
You freeze Rupert!
Rupert is heavily wounded.
Rupert closely misses you.
You punch Rupert! You freeze Rupert.
Rupert is heavily wounded.
Rupert hits you with a +1 triple sword of protection!
You die...

#.#..................
###..................
###########...##...
#PPPPP....#####.
#≈≈≈≈≈≈#.## #P
#≈....≈#..# ##
###......#.## #
#>.......#.#
#Y°......'.#
#○@......###
###......# #≈....≈#
#≈≈≈≈≈≈#


#PPPPPP# ######## You could see Rupert (berserk).

Vanquished Creatures
  Gastronok (Lair:3)
  A stone giant (Volcano)
  6 hydras
  A boulder beetle (D:11)
  A catoblepas (Lair:2)
  2 two-headed ogres
  Erica (D:11)
  5 death yaks (D:11)
  A faun (Lair:6)
  A lindwurm (Lair:5)
  An ugly thing (D:12)
  A cyclops (D:12)
  An oklob plant (Lair:5)
  Maurice (D:8)
  2 black mambas
  19 elephants
  A torpor snail (Lair:3)
  An unseen horror (D:12)
  3 gargoyles
  14 cane toads
  4 kobold demonologists
  2 rime drakes
  3 centaur zombies
  9 komodo dragons
  An efreet (Volcano)
  4 trolls
  2 polar bears
  Prince Ribbit (D:7)
  A hornet (D:11)
  16 blink frogs
  A slime creature (D:12)
  7 dream sheep (Lair:5)
  4 wraiths
  5 wyverns
  45 yaks
  A shadow (D:11)
  2 fire elementals (Volcano)
  A human (D:13)
  6 vampire mosquitoes
  2 steam dragons (D:8)
  An acid dragon (D:12)
  8 water moccasins
  4 orc warriors
  2 ice beasts (D:7)
  4 black bears
  A sky beast (D:3)
  2 ogres
  21 wolves
  2 centaurs
  3 kobold brigands
  13 bullfrogs
  2 earth elementals (Volcano)
  2 scorpions
  A wyvern skeleton (D:6)
  11 killer bees
  13 wights
  4 howler monkeys
  An electric eel (D:10)
  A bullfrog zombie (D:5)
  6 hounds
  A jelly (D:5)
  A centaur skeleton (D:7)
  7 orc priests
  3 bullfrog skeletons
  2 gnoll shamans
  Jessica (D:2)
  Ijyb (D:5)
  3 iguanas
  12 orc wizards
  3 howler monkey zombies
  10 gnolls
  6 adders
  A shadow imp (D:5)
  A white imp (D:7)
  An adder skeleton (D:4)
  A worm (D:2)
  A dart slug (D:5)
  39 orcs
  4 ball pythons
  10 endoplasms
  A giant cockroach (D:1)
  24 goblins
  19 hobgoblins
  A quokka (D:5)
  2 bats
  4 frilled lizards
  21 kobolds
  5 rats
468 creatures vanquished.

Vanquished Creatures (collateral kills)
  A shock serpent (shapeshifter) (D:13)
  A deep elf pyromancer (D:13)
  A manticore (D:13)
  4 yaks (Lair:5)
  A black bear (D:8)
8 creatures vanquished.

Vanquished Creatures (others)
  7 fungi
  7 plants
14 creatures vanquished.

Grand Total: 490 creatures vanquished

Notes
Turn   | Place    | Note
-------+----------+-------------------------------------------
     0 | D:1      | barney the Draconian Transmuter began the quest for the
                  | Orb.
     0 | D:1      | Reached XP level 1. HP: 16/16 MP: 3/3
   435 | D:1      | Found Kathugat's General Store.
   457 | D:1      | Reached XP level 2. HP: 23/23 MP: 5/5
  1091 | D:2      | Reached XP level 3. HP: 11/28 MP: 6/6
  1501 | D:2      | Noticed Jessica
  1518 | D:2      | Killed Jessica
  1519 | D:2      | Reached XP level 4. HP: 17/35 MP: 5/7
  2439 | D:3      | Found a faded altar of an unknown god.
  2450 | D:3      | Noticed an eye of devastation
  2451 | D:3      | Noticed a golden eye
  2457 | D:3      | Noticed a golden eye
  2460 | D:3      | Noticed a floating eye
  2482 | D:3      | Learned a level 3 spell: Spider Form
  2552 | D:3      | Learned a level 2 spell: Wereblood
  2708 | D:3      | Noticed a sky beast
  2722 | D:3      | Reached skill level 5 in Transmutations
  2734 | D:3      | Killed a sky beast
  2735 | D:3      | Reached XP level 5. HP: 14/40 MP: 8/8
  3668 | D:4      | Noticed a black bear
  3682 | D:4      | Reached XP level 6. HP: 41/47 MP: 6/9
  4490 | D:4      | Found Ziotiror's General Store.
  4701 | D:5      | Entered Level 5 of the Dungeon
  4734 | D:5      | Your scales start taking on a dull iron-grey colour.
  4734 | D:5      | Reached XP level 7. HP: 35/52 MP: 6/10
  5367 | D:5      | Found a transporter.
  5369 | D:5      | Noticed a fire bat
  5369 | D:5      | Noticed a fire bat
  5667 | D:5      | Noticed Ijyb
  5678 | D:5      | Killed Ijyb
  5765 | D:5      | Found a transporter.
  6161 | D:5      | Reached XP level 8. HP: 50/59 MP: 11/11
  6457 | D:5      | Found a staircase to the Ecumenical Temple.
  6568 | Temple   | Entered the Ecumenical Temple
  6606 | Temple   | Became a worshipper of Vehumet
  6644 | D:6      | Reached skill level 1 in Evocations
  7283 | D:6      | Reached skill level 4 in Unarmed Combat
  7968 | D:6      | Identified the +1 leather armour of Sophism {rC+ Str+2}
  7998 | D:6      | Reached skill level 10 in Transmutations
  8231 | D:6      | Found Boirup's Antique Weapon Boutique.
  8238 | D:6      | Bought a slimy mace for 240 gold pieces
  8238 | D:6      | Identified the +8 mace of Buuts {freeze, rF+} (You bought
                  | it in a shop on level 6 of the Dungeon)
  8572 | D:6      | Found a shimmering blue altar of Sif Muna.
  8846 | D:7      | Reached XP level 9. HP: 68/71 MP: 6/12
  8848 | D:7      | Reached * piety under Vehumet
  8848 | D:7      | Offered knowledge of Freeze by Vehumet.
  9144 | D:7      | Found a bloodstained altar of Trog.
  9144 | D:7      | Noticed Prince Ribbit
  9150 | D:7      | Killed Prince Ribbit
  9151 | D:7      | Reached skill level 5 in Unarmed Combat
  9280 | D:7      | Identified the +6 flail of the Spider Nest {flame, Fragile
                  | rC++ SInv}
  9432 | D:7      | Reached ** piety under Vehumet
  9432 | D:7      | Offered knowledge of Searing Ray by Vehumet.
  9536 | D:7      | Learned a level 4 spell: Ice Form
  9949 | D:7      | Identified the +7 spear of Vaenoemn {venom, rC+}
 10040 | D:7      | Found an iron altar of Okawaru.
 10049 | D:7      | Gained mutation: You have a pair of large horns on your
                  | head. [potion of mutation]
 10076 | D:7      | Reached skill level 5 in Fighting
 10076 | D:7      | Reached skill level 1 in Ice Magic
 10076 | D:7      | Reached skill level 1 in Poison Magic
 11388 | D:8      | Reached skill level 6 in Unarmed Combat
 11624 | D:8      | You fall into a shaft and drop 2 floors!
 11624 | D:10     | Entered Level 10 of the Dungeon
 11644 | D:10     | Noticed a komodo dragon
 11787 | D:10     | Killed a komodo dragon
 11865 | D:10     | Reached XP level 10. HP: 65/82 MP: 11/14
 12041 | D:10     | Offered knowledge of Mephitic Cloud by Vehumet.
 12112 | D:10     | Learned a level 3 spell: Mephitic Cloud
 12473 | D:10     | Noticed a two-headed ogre
 12485 | D:10     | Killed a two-headed ogre
 12486 | D:10     | Reached skill level 7 in Unarmed Combat
 12486 | D:10     | Reached skill level 1 in Conjurations
 12699 | D:9      | Noticed an orange demon
 12700 | D:9      | Reached *** piety under Vehumet
 12701 | D:9      | Reached skill level 1 in Air Magic
 13392 | D:8      | Noticed Maurice
 13399 | D:8      | Killed Maurice
 13561 | D:8      | Found a shadowy altar of Dithmenos.
 13605 | D:8      | Offered knowledge of Fulminant Prism by Vehumet.
 13867 | D:8      | Learned a level 3 spell: Ignite Poison
 14275 | D:9      | Reached skill level 8 in Unarmed Combat
 14697 | D:9      | Noticed a two-headed ogre
 14703 | D:9      | Killed a two-headed ogre
 14704 | D:9      | Reached skill level 1 in Fire Magic
 15013 | D:9      | Reached XP level 11. HP: 70/91 MP: 17/17
 15959 | D:10     | Found a staircase to the Orcish Mines.
 16232 | D:10     | Found a broken altar of Ashenzari.
 16235 | D:10     | Found an ancient bone altar of Kikubaaqudgha.
 16236 | D:10     | Found a snail-covered altar of Cheibriados.
 16237 | D:10     | Found a hazy altar of Hepliaklqana.
 16237 | D:10     | Found an ornate altar of the Wu Jian Council.
 16237 | D:10     | Found a stormy altar of Qazlal.
 16237 | D:10     | Found a sparkling altar of Nemelex Xobeh.
 16238 | D:10     | Found a basalt altar of Yredelemnul.
 16241 | D:10     | Found a burning altar of Makhleb.
 16453 | D:11     | You fall into a shaft and drop 3 floors!
 16453 | D:14     | Noticed an orc knight
 16453 | D:14     | Noticed a wolf spider
 16454 | D:14     | Found a gate to the Vaults.
 16454 | D:14     | Noticed a centaur warrior
 16454 | D:14     | Noticed a two-headed ogre
 16454 | D:14     | Noticed a deep elf pyromancer
 16536 | D:13     | Identified a scroll of acquirement
 16536 | D:13     | Acquired the ring of Finality {Wiz Drain rN+ Int+9}
 16611 | D:13     | Noticed a shock serpent
 16611 | D:13     | Noticed a deep elf pyromancer
 16614 | D:13     | Killed a deep elf pyromancer
 16620 | D:13     | Killed a shock serpent
 16683 | D:12     | Noticed a purple ugly thing
 16689 | D:12     | Killed a purple ugly thing
 16690 | D:12     | Reached skill level 9 in Unarmed Combat
 16814 | D:12     | Learned a level 3 spell: Stone Arrow
 16880 | D:12     | Reached **** piety under Vehumet
 16881 | D:12     | Reached skill level 5 in Spellcasting
 17118 | D:12     | Reached skill level 1 in Earth Magic
 17289 | D:12     | Offered knowledge of Hailstorm by Vehumet.
 17350 | D:12     | Noticed a seven-headed hydra
 17359 | D:12     | Killed a seven-headed hydra
 17784 | D:12     | Noticed a soul eater
 18811 | D:11     | Paralysed by a hornet for 2 turns
 18817 | D:11     | Paralysed by a hornet for 2 turns
 19340 | D:11     | Noticed a death yak
 19341 | D:11     | Found a staircase to the Lair.
 19341 | D:11     | Noticed a death yak
 19343 | D:11     | Noticed a death yak
 19344 | D:11     | Noticed a death yak
 19344 | D:11     | Noticed a death yak
 19346 | D:11     | Noticed Erica
 19351 | D:11     | Killed a death yak
 19359 | D:11     | Killed a death yak
 19360 | D:11     | Reached skill level 10 in Unarmed Combat
 19360 | D:11     | Reached skill level 5 in Conjurations
 19360 | D:11     | Reached XP level 12. HP: 63/101 MP: 20/20
 19366 | D:11     | Killed a death yak
 19372 | D:11     | Killed a death yak
 19377 | D:11     | Killed a death yak
 19386 | D:11     | Killed Erica
 20289 | D:11     | Noticed a boulder beetle
 20302 | D:11     | Killed a boulder beetle
 20303 | D:11     | Reached skill level 5 in Fire Magic
 20725 | D:11     | Reached skill level 5 in Earth Magic
 20981 | Lair:1   | Entered Level 1 of the Lair of Beasts
 21176 | Lair:1   | Noticed an eight-headed hydra
 21179 | Lair:1   | Reached skill level 11 in Unarmed Combat
 21192 | Lair:1   | Killed an eight-headed hydra
 21930 | Lair:1   | Reached ***** piety under Vehumet
 22149 | Lair:1   | Found a runed translucent gate.
 22149 | Lair:1   | Found a runed translucent gate.
 22149 | Lair:1   | Found a runed translucent gate.
 22150 | Lair:1   | Noticed a quicksilver ooze
 22153 | Lair:1   | Noticed rvierbuc's ghost (novice MiBe)
 22155 | Lair:1   | Found a viscous altar of Jiyva.
 22394 | Lair:1   | Noticed a seven-headed hydra
 22403 | Lair:1   | Killed a seven-headed hydra
 22563 | Lair:1   | Noticed an eight-headed hydra
 22569 | Lair:1   | Killed an eight-headed hydra
 22654 | Lair:1   | You fall into a shaft and drop 1 floor!
 22922 | Lair:2   | Reached XP level 13. HP: 111/111 MP: 21/21
 23080 | Lair:2   | Offered knowledge of Airstrike by Vehumet.
 24070 | Lair:2   | Reached skill level 12 in Unarmed Combat
 24344 | Lair:2   | Found a staircase to the Shoals.
 24728 | Lair:3   | Reached skill level 10 in Fighting
 25065 | Lair:3   | You fall into a shaft and drop 1 floor!
 25763 | Lair:3   | Noticed Gastronok
 25781 | Lair:3   | Killed Gastronok
 26255 | Lair:3   | Reached skill level 13 in Unarmed Combat
 27473 | Lair:4   | Found a hole to the Spider Nest.
 28071 | Lair:4   | Reached XP level 14. HP: 122/122 MP: 19/22
 28358 | Lair:5   | Found a dark tunnel.
 28490 | Volcano  | Entered a volcano
 28833 | Volcano  | Noticed a stone giant
 28847 | Volcano  | Killed a stone giant
 29452 | Lair:5   | Reached skill level 14 in Unarmed Combat
 30300 | Lair:5   | Reached skill level 10 in Earth Magic
 31040 | Lair:6   | Entered Level 6 of the Lair of Beasts
 31099 | Lair:5   | Offered knowledge of Olgreb's Toxic Radiance by Vehumet.
 31720 | Lair:6   | Noticed Rupert
 31735 | Lair:5   | Slain by Rupert

Illustrated notes

Levels and vault maps discovered:
D:1:      mrwooster_arrival_statue, layout_rooms, serial_shops, shop
D:2:      layout_basic, minmay_hexomino_c4, uniq_jessica
D:3:      layout_basic, hellmonk_ecumenical_altar_watching_god
D:4:      layout_loops_ring, serial_shops, nicolae_shop_stone
D:5:      gammafunk_cloud_chamber, layout_loops_corners, temple_green, uniq_ijyb
D:6:      layout_basic, kennysheep_orc_sif_temple, serial_shops, shop_coins,
          uniq_blork_the_orc
D:7:      corexii_shantytown, layout_loops_ring, mainiacjoe_overflow_alcove_4,
          amcnicky_altar_gilded, enter_bailey_2, grunt_ministairs_6,
          uniq_prince_ribbit1
D:8:      layout_basic, mainiacjoe_overflow_catwalk, uniq_maurice
D:9:      layout_roguey, hangedman_glass_teeth
D:10:     layout_cave_pools, minitemple, orc_0_dummy, kennysheep_generic_room_2
D:11:     layout_roguey, dpeg_lair_monsters, uniq_erica
D:12:     minmay_inside_and_out, layout_basic,
          portal_ice_cave_entry_animals_and_master, nooodl_orcs_dogs
D:13:     layout_cave_pools, nicolae_straight_to_the_point
D:14:     layout_loops_corners, david_vaults_3, serial_shops, shop,
          solitary_fountain
Temple:   corrupted_temple
Lair:1:   layout_cave_pods, gammafunk_ghost_ooze, grunt_forest_small_clearings,
          grunt_megastairs_5, infiniplex_staircase_pool_2, uniq_maggie
Lair:2:   layout_cave_pods, shoals_dummy_entry, nicolae_quartered_pool_little,
          minivault_11, grunt_megastairs_3, infiniplex_staircase_pool,
          serial_bayou_shore_a
Lair:3:   layout_regular_city, lemuel_fruit_tree, uniq_gastronok
Lair:4:   layout_long_grid, nicolae_spider_entry_orb_guardian
Lair:5:   dpeg_oklob_gauntlet, layout_cave_shapes,
          dpeg_slime_entry_enclosed_altar, nicolae_volcano_entry_vermiform,
          serial_bayou_shore_b
Lair:6:   evilmike_catoblepas_cave, layout_hall_layers, special_room
          [special_room_mythical_zoo], grunt_forest_large_clearings, uniq_rupert

Skill      XL: |  1  2  3  4  5  6  7  8  9 10 11 12 13 14 |
---------------+-------------------------------------------+-----
Transmutations | 3 4 5 6 7 9 10 | 10.3
Evocations     | 3 4 |  4.0
Fighting       | 4 5 6 8 9 10 | 10.5
Unarmed Combat | 4 6 8 10 11 13 14 | 14.6
Ice Magic      | 2 3 |  3.0
Poison Magic   | 2 4 |  4.2
Spellcasting   | 3 4 5 |  5.4
Conjurations   | 3 5 6 8 |  8.0
Air Magic      | 1 |  1.7
Fire Magic     | 1 4 5 |  5.0
Earth Magic    | 3 6 9 10 | 10.4
Dodging        | |  1.7

Action                   |  1- 3 |  4- 6 |  7- 9 | 10-12 | 13-15 || total
-------------------------+-------+-------+-------+-------+-------++-------
Melee: Unarmed           |     9 |    37 |   238 |   427 |   429 ||  1140
       Kick              |     8 |     7 |    11 |       |       ||    26
       Headbutt          |     6 |     1 |     9 |     1 |     4 ||    21
       Whip              |    72 |    72 |    56 |       |       ||   200
       Tailslap          |     7 |    14 |    11 |       |     2 ||    34
       Punch             |     3 |       |       |     1 |     1 ||     5
       Mace              |       |       |    43 |    12 |     9 ||    64
 Cast: Beastly Appendage |    15 |    12 |    12 |     2 |       ||    41
       Spider Form       |       |     6 |    25 |       |       ||    31
       Wereblood         |       |       |    12 |    18 |    19 ||    49
       Ice Form          |       |       |     7 |    47 |    36 ||    90
       Stone Arrow       |       |       |       |    11 |    11 ||    22
       Mephitic Cloud    |       |       |       |     3 |     7 ||    10
       Ignite Poison     |       |       |       |     2 |     6 ||     8
 Abil: End Transformatio |       |       |     1 |       |       ||     1
Evoke: Wand              |       |       |       |       |     1 ||     1
  Use: Potion            |     4 |     1 |     5 |     5 |     3 ||    18
       Scroll            |       |       |    11 |     4 |     6 ||    21
 Stab: Confused          |       |       |       |     1 |       ||     1
Armor: Skin              |    30 |    24 |    87 |   141 |   176 ||   458
Dodge: Dodged            |    52 |    79 |   220 |   181 |   219 ||   751
Block: Other             |       |       |     6 |    98 |    93 ||   197
       Reflection        |       |       |       |     6 |       ||     6
